 Dungeon Crawl Stone Soup version 0.20.1-1-g8b1a95d (console) character file.

45290 Jazqa the Fighter (level 14, -4/130 HPs)
             Began as a Minotaur Fighter on Oct 24, 2017.
             Was the Champion of Cheibriados.
             Slain by a dire elephant (26 damage)
             ... on level 2 of the Lair of Beasts.
             The game lasted 00:40:12 (15452 turns).

Jazqa the Fighter (Minotaur Fighter)               Turns: 15452, Time: 00:40:13

Health: -4/130     AC: 15    Str: 40    XL:     14   Next: 0%
Magic:  15/19      EV: 32    Int: 20    God:    Cheibriados [******]
Gold:   417        SH: 24    Dex: 42    Spells: 13/13 levels left

rFire    + . .     SeeInvis .   a - +3 scimitar (freeze)
rCold    + . .     Gourm    .   y - +0 large shield
rNeg     . . .     Faith    .   X - +2 scale mail of Pride {rF+ rCorr}
rPois    .         Spirit   .   (helmet restricted)
rElec    .         Reflect  .   J - +1 cloak
rCorr    +         Harm     .   Y - +0 pair of gloves
MR       ++...                  (no boots)
Stlth    ++++......             (no amulet)
Regen    0.4/turn               q - ring "Duec" {rC+ MR+ Str+4 Dex+3 Stlth+}
MPRegen  0.2/turn               E - +4 ring of evasion

@: agile, very slow
A: retaliatory headbutt, horns 2, agile 2
a: Bend Time, Temporal Distortion, Slouch, Step From Time, Renounce Religion


You were on level 2 of the Lair of Beasts.
You worshipped Cheibriados.
Cheibriados was exalted by your worship.
You were not hungry.

You visited 4 branches of the dungeon, and saw 17 of its levels.

You collected 1729 gold pieces.
You spent 1312 gold pieces at shops.


Innate Abilities, Weirdness & Mutations

You reflexively headbutt those who attack you in melee.
You have a pair of horns on your head.
You are very agile. (Dex +4)


   Skills:
 + Level 13.7 Fighting
 + Level 13.4 Long Blades
 + Level 11.6 Armour
 + Level 10.9 Dodging
 + Level 11.8 Shields
 + Level 8.7 Invocations


You had 13 spell levels left.
You didn't know any spells.

Inventory:

Hand Weapons
 a - a +3 scimitar of freezing (weapon)
 e - a +3 rapier
Armour
 y - a +0 large shield (worn)
 J - a +1 cloak (worn)
 X - the +2 scale mail of Pride (worn) {rF+ rCorr}
   (You found it on level 12 of the Dungeon)

   It protects you from fire.
   It protects you from acid and corrosion.
 Y - a +0 pair of gloves (worn)
Magical Staves
 w - an uncursed staff of energy {unknown}
 z - an uncursed staff of fire {unknown}
Jewellery
 q - the ring "Duec" (left hand) {rC+ MR+ Str+4 Dex+3 Stlth+}
   (You bought it in a shop on level 2 of the Orcish Mines)

   [ring of protection from cold]

   It affects your strength (+4).
   It affects your dexterity (+3).
   It protects you from cold.
   It affects your resistance to hostile enchantments.
   It makes you more stealthy.
 C - an uncursed ring of protection from cold
 E - a +4 ring of evasion (right hand)
 L - an uncursed ring of flight
 M - an uncursed ring of protection from magic
 S - a +6 ring of strength
Wands
 b - a wand of iceblast (8/15)
 o - a wand of confusion (12/48)
 t - a wand of disintegration (14/24)
 N - a wand of digging (13/24)
 O - a wand of lightning (3/15)
Scrolls
 i - 3 scrolls of enchant weapon
 l - 3 scrolls of teleportation {@r4}
 v - 6 scrolls of immolation {!r}
 x - 5 scrolls of remove curse {@r2}
 D - 4 scrolls of magic mapping
 I - 3 scrolls of recharging
 K - 4 scrolls of fog
 Q - a scroll of vulnerability {unknown}
 R - a scroll of silence {unknown}
 U - 3 scrolls of fear
Potions
 d - 6 potions of flight
 g - 3 potions of brilliance
 h - 2 potions of agility
 k - 2 potions of magic
 m - 2 potions of invisibility
 u - 2 potions of resistance
 A - 2 potions of heal wounds {@q2}
 F - 2 potions of might
 G - 2 potions of mutation {!q}
 H - a potion of ambrosia
 P - a potion of cancellation
Books
 p - a book of Changes

   Spells                             Type                      Level
   a - Beastly Appendage              Transmutation                1
   b - Sticks to Snakes               Transmutation                2
   c - Spider Form                    Transmutation/Poison         3
   d - Ice Form                       Ice/Transmutation            4
   e - Blade Hands                    Transmutation                5
 B - a Young Poisoner's Handbook

   Spells                             Type                      Level
   a - Sting                          Conjuration/Poison           1
   b - Poisonous Vapours              Poison/Air                   2
   c - Mephitic Cloud                 Conjuration/Poison/Air       3
   d - Olgreb's Toxic Radiance        Poison                       4
   e - Venom Bolt                     Conjuration/Poison           5
Miscellaneous
 n - a lightning rod (4/4)
Comestibles
 c - 4 chunks of flesh
 f - 6 bread rations {@e1}
 j - 16 royal jellies {@e3}
 r - 4 meat rations {@e1}
 s - 17 fruits {@e2}

Dungeon Overview and Level Annotations

Branches:
Dungeon (12/15)            Temple (1/1) D:5            Lair (2/6) D:11
    Orc (2/2) D:12            Elf (0/3) Orc:2
  Swamp: Lair:2-4    Shoals: Lair:2-4     Snake: Lair:2-4    Spider: Lair:2-4

Altars:
Cheibriados
Elyvilon
Okawaru
Ru
Uskayaw
Xom
Zin
Beogh

Shops:
D:6 *   D:8 ?   Orc:2 =:[(*

Annotations:
Lair:2 exclusion: 2 oklob plants

...........##
)........###
........##
♣.♣.♣.♣♣♣
♣♣♣♣♣♣♣
♣♣♣♣♣♣♣ ▒▒▒▒
♣♣♣♣.....♣♣
▒♣|)♣▒
♣P........♣
▒.(%.▒
..........♣#
▒≈.@≈▒
......≈≈≈..♣
▒≈≈Y†▒
.....≈≈≈≈≈≈#
▒♣#≈≈▒
....≈≈≈≈≈≈≈#
###≈▒
≈..≈≈≈≈≈≈≈≈#
▒#≈≈≈▒
≈≈.≈≈≈≈≈≈≈≈#
▒≈≈≈≈▒
≈≈≈≈≈≈♣♣P≈≈♣
▒≈##8▒
≈≈≈≈≈≈♣♣≈≈♣♣
▒≈≈##▒
≈≈≈≈P≈♣≈≈≈♣♣
▒≈≈≈#▒


You could see a dire elephant.


Message History

The dire elephant completely misses you.
You block the lindwurm's attack. The lindwurm misses you.
The lindwurm claws you.
* * * LOW HITPOINT WARNING * * *
Your unstable footing causes you to fumble your attack.
You block the dire elephant's attack. x2; You block the lindwurm's attack.
The lindwurm claws you but does no damage.
The lindwurm completely misses you.
Unknown command.
You hit the lindwurm. You freeze the lindwurm. You headbutt the lindwurm.
You kill the lindwurm!
Cheibriados appreciates the change of pace.
You have reached level 14!
You block the dire elephant's attack. x2
You hit the dire elephant but do no damage.
You headbutt the dire elephant.
The dire elephant is heavily wounded.
Unknown command.
You block the dire elephant's attack. x2; The dire elephant barely misses you.
You furiously retaliate!
You headbutt the dire elephant. The dire elephant misses you.
The dire elephant tramples you!!
* * * LOW HITPOINT WARNING * * *
You hold your ground!
You block the dire elephant's attack.
You see here a lindwurm corpse.
Unknown command.
You block the dire elephant's attack. x4
Unknown command.
You feel agile all of a sudden. The dire elephant tramples you!!
You die...

Skill      XL: |  1  2  3  4  5  6  7  8  9 10 11 12 13 |
---------------+----------------------------------------+-----
Armour         | 4 5 7 9 10 11 | 11.6
Fighting       | 4 5 6 7 8 9 11 12 13 | 13.7
Long Blades    | 3 4 5 6 7 9 10 11 12 13 | 13.4
Shields        | 4 5 6 8 9 10 11 | 11.8
Dodging        | 1 4 7 8 9 10 | 10.9
Invocations    | 3 4 6 7 8 |  8.7

Action                   |  1- 3 |  4- 6 |  7- 9 | 10-12 | 13-15 || total
-------------------------+-------+-------+-------+-------+-------++-------
Melee: Long sword        |    93 |    93 |   328 |   180 |       ||   694
       Headbutt          |    15 |    16 |    80 |   179 |   110 ||   400
       Unarmed           |       |       |       |    11 |       ||    11
       Scimitar          |       |       |       |   297 |   239 ||   536
       Great sword       |       |       |       |    11 |       ||    11
       Rapier            |       |       |       |       |     9 ||     9
Invok: Bend Time         |       |       |     1 |       |       ||     1
       Slouch            |       |       |       |     6 |     4 ||    10
Evoke: Wand              |       |       |       |    10 |       ||    10
  Use: Scroll            |       |     8 |     9 |     5 |     7 ||    29
       Potion            |       |     1 |       |     5 |     6 ||    12
 Stab: Sleeping          |       |       |       |     1 |     3 ||     4
       Distracted        |       |       |       |       |     1 ||     1
  Eat: Chunk             |       |     6 |     9 |    10 |     8 ||    33
Armor: Scale mail        |    51 |    44 |     4 |    14 |    38 ||   151
       Ring mail         |       |       |    66 |    70 |       ||   136
       Skin              |       |       |       |     1 |       ||     1
Dodge: Dodged            |    24 |    34 |   117 |   365 |   189 ||   729
Block: Shield            |    48 |    44 |    38 |   177 |   205 ||   512
       Large shield      |       |       |   287 |   445 |    60 ||   792
       Rpst.: Long sword |     5 |    11 |    31 |    15 |       ||    62
       Scimitar          |       |       |       |    48 |    33 ||    81
       Great sword       |       |       |       |     7 |       ||     7

Vault maps used:
D:1:      matt_arrival_los_fun, minmay_misc_feat_doors
D:3:      xom_teletrap_fun
D:4:      kennysheep_generic_room_15
D:5:      minmay_temple_entry_mist, first_bread, uniq_ijyb
D:6:      hex_medium, kennysheep_flooded_box, nicolae_elemental_shop
D:7:      minmay_misc_feat_room
D:8:      serial_shops, shop, nicolae_straight_to_the_point, uniq_psyche
D:9:      hangedman_screamer, minivault_28
D:11:     lair_entry_dummy, david_nohive_1
D:12:     kennysheep_orc_monster_closet_entryway, minmay_gold_behind_fungi
Temple:   nicolae_temple_the_god_donut
Lair:1:   lab_entry_generic, beast_lair_carwin_1, grunt_megastairs_1, uniq_sonja
Lair:2:   gammafunk_lair_enchanted_lake, lemuel_fruit_tree,
          minmay_lair_oklob_chamber, grunt_megastairs_5, serial_bayou_shore_b,
          infiniplex_staircase_pool_2
Orc:1:    portal_ice_cave_entry_ice_beasts, uniq_fannar
Orc:2:    grunt_orc_cross, serial_shops, nicolae_shop_waterfront, uniq_josephine

Notes
Turn   | Place    | Note
-------+----------+-------------------------------------------
     0 | D:1      | Jazqa the Minotaur Fighter began the quest for the Orb.
     0 | D:1      | Reached XP level 1. HP: 19/19 MP: 0/0
    82 | D:1      | Reached XP level 2. HP: 27/27 MP: 1/1
   371 | D:1      | Reached skill level 4 in Armour
   511 | D:1      | Reached skill level 4 in Fighting
   515 | D:1      | Reached XP level 3. HP: 25/33 MP: 2/2
   524 | D:1      | Reached skill level 3 in Long Blades
   857 | D:2      | Reached skill level 4 in Shields
   985 | D:2      | Reached XP level 4. HP: 39/41 MP: 3/3
  1473 | D:3      | Reached XP level 5. HP: 22/47 MP: 4/4
  1769 | D:3      | Reached skill level 4 in Long Blades
  1887 | D:3      | Found a shimmering altar of Xom.
  1947 | D:3      | Reached skill level 5 in Armour
  2414 | D:4      | Reached skill level 5 in Fighting
  2582 | D:4      | Reached XP level 6. HP: 45/56 MP: 5/5
  2749 | D:4      | Noticed vatarom's ghost (novice FoFi)
  2763 | D:4      | Got a shimmering ring mail
  2767 | D:4      | Reached skill level 5 in Shields
  2775 | D:4      | Killed vatarom's ghost
  2775 | D:4      | Reached skill level 6 in Fighting
  2775 | D:4      | Reached skill level 5 in Long Blades
  2775 | D:4      | Reached XP level 7. HP: 53/63 MP: 6/6
  2802 | D:5      | Entered Level 5 of the Dungeon
  2925 | D:5      | Found a staircase to the Ecumenical Temple.
  2936 | D:5      | Identified the +1 ring mail "Axobrel" {+Inv} (You found it on level 4 of the Dungeon)
  2942 | Temple   | Entered the Ecumenical Temple
  2953 | Temple   | Became a worshipper of Cheibriados the Contemplative
  2992 | D:5      | Reached skill level 6 in Shields
  3093 | D:5      | Noticed Ijyb
  3119 | D:5      | Killed Ijyb
  3159 | D:5      | Reached skill level 1 in Dodging
  3232 | D:5      | Reached skill level 6 in Long Blades
  3365 | D:5      | Reached * piety under Cheibriados
  3450 | D:5      | Reached skill level 7 in Fighting
  3450 | D:5      | Reached XP level 8. HP: 73/73 MP: 7/7
  3770 | D:4      | Reached skill level 7 in Shields
  4103 | D:6      | Reached skill level 6 in Armour
  4128 | D:6      | Reached ** piety under Cheibriados
  4181 | D:6      | Reached skill level 7 in Long Blades
  4382 | D:6      | Noticed Monsterracer's ghost (novice OpFi)
  4399 | D:6      | Killed Monsterracer's ghost
  4399 | D:6      | Reached skill level 8 in Fighting
  4399 | D:6      | Reached skill level 7 in Armour
  4399 | D:6      | Reached skill level 8 in Shields
  4399 | D:6      | Reached XP level 9. HP: 67/81 MP: 8/8
  4675 | D:6      | Reached skill level 2 in Dodging
  4835 | D:6      | Found Etrots's Elemental Accessories.
  5114 | D:7      | Reached skill level 8 in Long Blades
  5269 | D:7      | Reached skill level 1 in Invocations
  5413 | D:7      | Reached *** piety under Cheibriados
  5947 | D:8      | Noticed Psyche
  5953 | D:8      | Killed Psyche
  5953 | D:8      | Reached skill level 9 in Fighting
  5953 | D:8      | Reached skill level 3 in Dodging
  5953 | D:8      | Reached skill level 2 in Invocations
  6027 | D:7      | Reached skill level 4 in Dodging
  6162 | D:7      | Reached skill level 3 in Invocations
  6364 | D:7      | Reached skill level 9 in Long Blades
  6457 | D:8      | Reached **** piety under Cheibriados
  6749 | D:8      | Found Xaichucw's Magic Scroll Shop.
  6758 | D:8      | Bought a scroll of magic mapping for 38 gold pieces
  6760 | D:8      | Identified 2 potions of resistance
  6795 | D:9      | Reached XP level 10. HP: 91/93 MP: 11/11
  6813 | D:9      | Noticed a manticore
  6821 | D:8      | Reached skill level 10 in Fighting
  6821 | D:8      | Reached skill level 5 in Dodging
  7127 | D:9      | Noticed a two-headed ogre
  7197 | D:9      | Noticed a necromancer
  7231 | D:9      | Killed a necromancer
  7231 | D:9      | Reached skill level 10 in Long Blades
  7231 | D:9      | Reached skill level 6 in Dodging
  7317 | D:9      | Killed a manticore
  7317 | D:9      | Reached skill level 11 in Fighting
  7335 | D:9      | Noticed a necromancer
  7363 | D:8      | Killed a necromancer
  7363 | D:8      | Reached skill level 7 in Dodging
  7363 | D:8      | Reached skill level 4 in Invocations
  7640 | D:9      | Noticed a deep elf mage
  7644 | D:9      | Killed a deep elf mage
  7646 | D:9      | Reached XP level 11. HP: 90/102 MP: 13/13
  7673 | D:9      | Reached ***** piety under Cheibriados
  7682 | D:9      | Noticed a centaur warrior
  7691 | D:9      | Killed a centaur warrior
  7739 | D:9      | Reached skill level 11 in Long Blades
  7977 | D:9      | Killed a two-headed ogre
  7977 | D:9      | Reached skill level 5 in Invocations
  8158 | D:9      | Reached skill level 8 in Armour
  8217 | D:10     | Entered Level 10 of the Dungeon
  8334 | D:10     | Reached skill level 8 in Dodging
  8788 | D:11     | Noticed Beowulf's ghost (journeyman MiBe)
  8820 | D:11     | Reached skill level 12 in Fighting
  8822 | D:11     | Killed Beowulf's ghost
  8822 | D:11     | Reached skill level 9 in Shields
  9217 | D:11     | Reached ****** piety under Cheibriados
  9220 | D:11     | Reached skill level 6 in Invocations
  9253 | D:11     | Reached skill level 9 in Armour
  9253 | D:11     | Reached XP level 12. HP: 101/112 MP: 15/15
  9370 | D:11     | Found a staircase to the Lair.
  9389 | D:11     | Noticed gabygaby's ghost (journeyman MiBe)
  9397 | D:11     | Killed gabygaby's ghost
  9900 | D:12     | Noticed a two-headed ogre
  9907 | D:12     | Killed a two-headed ogre
  9931 | D:12     | Got a warped scale mail
  9942 | D:12     | Identified the +2 scale mail of Pride {rF+ rCorr} (You found it on level 12 of the Dungeon)
  9965 | D:12     | Found a staircase to the Orcish Mines.
  9966 | D:12     | Reached skill level 9 in Dodging
  9969 | D:12     | Reached skill level 12 in Long Blades
 10049 | D:12     | Noticed a four-headed hydra
 10059 | D:12     | Killed a four-headed hydra
 10059 | D:12     | Reached skill level 10 in Shields
 10114 | D:12     | HP: 8/113 [skeletal warrior/enchanted hand axe (7)]
 10444 | D:12     | Reached skill level 10 in Armour
 10444 | D:12     | Reached skill level 7 in Invocations
 10929 | Orc:1    | Entered Level 1 of the Orcish Mines
 11137 | Orc:2    | Entered Level 2 of the Orcish Mines
 11268 | Orc:2    | Found a staircase to the Elven Halls.
 11416 | Orc:2    | Noticed Josephine
 11430 | Orc:2    | Killed Josephine
 11430 | Orc:2    | Reached XP level 13. HP: 80/119 MP: 6/17
 11441 | Orc:2    | Reached skill level 13 in Fighting
 11460 | Orc:2    | Reached skill level 10 in Dodging
 11885 | Orc:2    | Noticed an orc warlord
 11887 | Orc:2    | Found a roughly hewn altar of Beogh.
 11910 | Orc:2    | Killed an orc warlord
 12011 | Orc:2    | Gained mutation: You expend magic power (3 MP) to strengthen your wands. [a neqoxec]
 12014 | Orc:2    | Gained mutation: Scrolls take you a little longer to read. [a neqoxec]
 12018 | Orc:2    | Lost mutation: Scrolls take you a little longer to read. [potion of mutation]
 12018 | Orc:2    | Lost mutation: You expend magic power (3 MP) to strengthen your wands. [potion of mutation]
 12018 | Orc:2    | Gained mutation: You are agile. (Dex +2) [potion of mutation]
 12018 | Orc:2    | Gained mutation: You are very agile. (Dex +4) [potion of mutation]
 12043 | Orc:1    | Reached skill level 11 in Shields
 12049 | Orc:1    | Reached skill level 8 in Invocations
 12558 | Orc:2    | Found Ejuwkuys's General Store.
 12606 | Orc:2    | Found Eraj's Antique Armour Boutique.
 12636 | Orc:2    | Found Qeogoam's Jewellery Shop.
 12660 | Orc:2    | Bought the ring "Duec" {rC+ MR+ Str+4 Dex+3 Stlth+} for 936 gold pieces
 12741 | Orc:2    | Found Awnosiog's Book Boutique.
 12756 | Orc:2    | Found Towuolan's Antique Weapon Boutique.
 12763 | Orc:2    | Bought a runed falchion for 156 gold pieces
 12995 | Lair:1   | Entered Level 1 of the Lair of Beasts
 13165 | Orc:2    | Bought a glowing rapier for 182 gold pieces
 13331 | Lair:1   | Reached skill level 13 in Long Blades
 13382 | Lair:1   | Reached skill level 11 in Armour
 13433 | Lair:1   | Noticed Sonja
 13435 | Lair:1   | Killed Sonja
 14729 | Lair:2   | Found a runed door.
 15440 | Lair:2   | Noticed a dire elephant
 15448 | Lair:2   | Reached XP level 14. HP: 49/130 MP: 13/19
 15452 | Lair:2   | Slain by a dire elephant

Vanquished Creatures
  An orc warlord (Orc:2)
  Josephine (Orc:2)
  The ghost of gabygaby the Cleaver, a journeyman MiBe of Trog (D:11)
  The ghost of Beowulf the Cleaver, a journeyman MiBe of Trog (D:11)
  3 hydras
  A centaur warrior (D:9)
  2 two-headed ogres
  An orc high priest (Orc:2)
  Sonja (Lair:1)
  4 skeletal warriors
  A lindwurm (Lair:2)
  2 necromancers
  A deep elf mage (D:9)
  3 orc knights (Orc:2)
  4 orc sorcerers (Orc:2)
  A cyclops (Orc:2)
  The ghost of Monsterracer the Cudgeler, a novice OpFi of Makhleb (D:6)
  A manticore (D:9)
  2 elephants (Lair:2)
  3 spiny frogs
  Psyche (D:8)
  The ghost of vatarom the Blocker, a novice FoFi of Ru (D:4)
  5 komodo dragons
  2 rime drakes (Lair:2)
  A queen bee (D:11)
  5 trolls
  3 blink frogs (Lair:2)
  A slime creature (D:9)
  9 hippogriffs
  A vampire (D:9)
  4 flying skulls (D:9)
  2 shadows (D:9)
  7 wraiths
  11 yaks
  A basilisk (Lair:2)
  4 hungry ghosts
  A warg (Orc:2)
  2 porcupines
  10 ice beasts
  32 orc warriors
  6 water moccasins
  4 phantoms
  5 sky beasts
  A hornet zombie (D:9)
  6 wolves (Lair:2)
  18 ogres
  14 centaurs
  13 crocodiles
  A big kobold (D:11)
  8 bullfrogs
  2 wyvern zombies (D:9)
  A wyvern skeleton (D:9)
  5 gnoll sergeants
  4 scorpions
  2 water moccasin skeletons (D:9)
  28 killer bees
  10 wights (D:9)
  An electric eel (Lair:2)
  5 howler monkeys
  13 crimson imps
  2 bullfrog zombies
  5 centaur zombies
  4 hounds
  3 jellies
  19 orc priests
  4 centaur skeletons
  21 orc wizards
  A bullfrog skeleton (D:6)
  3 iguanas
  Ijyb (D:5)
  6 worker ants
  2 hound zombies (D:9)
  7 hound skeletons
  A worker ant zombie (D:11)
  12 gnolls
  15 adders
  2 shadow imps
  2 oozes
  3 adder skeletons
  An adder zombie (D:9)
  A worm (D:2)
  3 dart slugs
  2 leopard geckos
  70 orcs
  7 bats
  7 giant cockroaches
  12 goblins
  14 hobgoblins
  23 jackals
  11 kobolds
  6 quokkas
  A frilled lizard (D:1)
  A jackal skeleton (D:7)
  A quokka zombie (D:9)
  A rat (D:3)
  A fungus (D:12)
560 creatures vanquished.

Vanquished Creatures (others)
  2 orcs (Orc:2)
  2 fungi (Lair:2)
  4 plants (Lair:2)
  10 toadstools (Lair:2)
18 creatures vanquished.

Grand Total: 578 creatures vanquished
